 Dungeon Crawl Stone Soup version 0.24.0-125-gc4c63601f3 (webtiles) character file.

Game seed: 7108798501404356768, levelgen mode: deterministic

192 Frank2 the Cudgeler (level 5, -2/39 HPs)
             Began as a Demonspawn Gladiator on Mar 19, 2020.
             Slain by a gnoll
             ... wielding a +0 halberd
              (11 damage)
             ... on level 3 of the Dungeon.
             The game lasted 00:03:39 (2337 turns).

Frank2 the Cudgeler (Demonspawn Gladiator)          Turns: 2337, Time: 00:03:39

Health: -2/39      AC:  6    Str: 15    XL:     5   Next: 42%
Magic:  0/5        EV: 13    Int:  9    God:
Gold:   104        SH:  0    Dex: 17    Spells: 4/4 levels left

rFire    . . .     SeeInvis .   a - +0 flail
rCold    . . .     Gourm    .   (no shield)
rNeg     . . .     Faith    .   b - +0 leather armour
rPois    .         Spirit   +   c - +0 helmet
rElec    .         Reflect  .   m - +0 cloak (curse)
rCorr    .         Harm     .   j - +0 pair of gloves
MR       .....                  (no boots)
Stlth    ++........             (no amulet)
HPRegen  0.13/turn              (no ring)
MPRegen  0.09/turn              (no ring)

@: no status effects
A: thin skeletal structure 1, powered by pain 1, magic shield
a: no special abilities


You were on level 3 of the Dungeon.
You were hungry.

You visited 1 branch of the dungeon, and saw 3 of its levels.

You collected 104 gold pieces.

Inventory:

Hand Weapons
 a - a +0 flail (weapon)
Missiles
 d - a throwing net (quivered)
Armour
 b - a +0 leather armour (worn)
 c - a +0 helmet (worn)
 j - a +0 pair of gloves (worn)
 m - a cursed +0 cloak (worn)
Wands
 o - a wand of random effects (11)
Scrolls
 e - a scroll of random uselessness {unknown}
 g - 4 scrolls of remove curse
Potions
 h - 2 potions of haste
 k - a potion of mutation {unknown}
 n - a potion of ambrosia {unknown}
 p - a potion of lignification {unknown}
Comestibles
 f - 5 rations


   Skills:
 + Level 2.7 Fighting
 + Level 4.3 Maces & Flails
 - Level 1.7 Throwing
 + Level 1.7 Armour
 + Level 3.4 Dodging


You had 4 spell levels left.
You didn't know any spells.
Your spell library was empty.

Dungeon Overview and Level Annotations

Branches:
Dungeon (3/15)

Altars:
Ru
Vehumet
Xom


Innate Abilities, Weirdness & Mutations

You have a somewhat thin skeletal structure. (Dex +2, Stealth)
You sometimes gain a little power by taking damage.
When hurt, damage is shared between your health and your magic reserves.


Message History

a +0 whip; a golden potion; a scroll labeled QUYJUISADIS; a gnoll corpse a frilled lizard corpse You hit the gnoll but do no damage.
The gnoll barely misses you.
You hit the gnoll.
The gnoll is moderately wounded.
The gnoll hits you with a +0 halberd.
You hit the gnoll.
The gnoll is severely wounded.
The gnoll barely misses you.
You closely miss the gnoll.
The gnoll is severely wounded.
The gnoll hits you with a +0 halberd.
* * * LOW HITPOINT WARNING * * *
You closely miss the gnoll.
The gnoll is severely wounded.
The gnoll closely misses you.
You hit the gnoll but do no damage.
The gnoll is severely wounded.
The gnoll hits you with a +0 halberd!
You die...

............#####...#.#
.......)....# #....#.#
...$........# ##....#.#
........g...###.....#.#
...........g##..#.###.#
.........##.....#.# #.#
..#########.g...#.# ###
###########.###.#.#
#.....@g....# #...#
#.########### #.....
....... #.....# ...#


You could see a gnoll.

Vanquished Creatures
  Jessica (D:2)
  Robin (D:2)
  6 gnolls
  2 adders
  An ooze (D:2)
  2 worms
  2 dart slugs
  2 leopard geckos
  7 bats
  4 giant cockroaches
  12 goblins
  8 hobgoblins
  4 jackals
  3 frilled lizards
  6 kobolds
  7 rats
68 creatures vanquished.

Notes
Turn   | Place    | Note
-------+----------+-------------------------------------------
     0 | D:1      | Frank2 the Demonspawn Gladiator began the quest for the
                  | Orb.
     0 | D:1      | Reached XP level 1. HP: 16/16 MP: 1/1
   181 | D:1      | Reached skill level 3 in Maces & Flails
   206 | D:1      | Gained mutation: You sometimes gain a little power by
                  | taking damage. [demonic ancestry]
   206 | D:1      | Reached XP level 2. HP: 19/22 MP: 2/2
   696 | D:2      | Gained mutation: When hurt, damage is shared between your
                  | health and your magic reserves. [demonic ancestry]
   696 | D:2      | Reached XP level 3. HP: 25/27 MP: 3/3
   728 | D:2      | Noticed Jessica
   740 | D:2      | Killed Jessica
   788 | D:2      | Reached skill level 1 in Armour
   792 | D:2      | Gained mutation: You have a somewhat thin skeletal
                  | structure. (Dex +2, Stealth) [demonic ancestry]
   792 | D:2      | Reached XP level 4. HP: 20/34 MP: 4/4
   936 | D:2      | Found a sacrificial altar of Ru.
   975 | D:2      | Found a shimmering altar of Xom.
  1030 | D:2      | Found a radiant altar of Vehumet.
  1249 | D:2      | HP: 1/34 [poisoned by an adder]
  1300 | D:2      | HP: 1/34 [gnoll/+0 halberd (6)]
  1548 | D:2      | Reached skill level 4 in Maces & Flails
  1798 | D:3      | Noticed Robin
  1840 | D:2      | HP: 1/34 [Robin/+0 club (2)]
  1843 | D:2      | Killed Robin
  1843 | D:2      | Reached XP level 5. HP: 1/39 MP: 0/5
  2337 | D:3      | Slain by a gnoll

Levels and vault maps discovered:
D:1:      roderic_octagonal_star, layout_basic
D:2:      layout_basic, lemuel_coloured_pillars_altar, old_standard_altar,
          xom_butterflies, uniq_jessica
D:3:      layout_rooms, ebering_ghost_disaster_area, first_ration,
          tso_metal_star, uniq_robin

Skill      XL: |  1  2  3  4 |
---------------+-------------+-----
Maces & Flails | 3 4 |  4.3
Dodging        | 3 |  3.4
Armour         | 1 |  1.7
Fighting       | |  2.7
Throwing       | |  1.7

Action                   |  1- 3 |  4- 6 || total
-------------------------+-------+-------++-------
Melee: Flail             |   105 |   155 ||   260
Throw: Throwing net      |       |     4 ||     4
  Use: Scroll            |     2 |     2 ||     4
       Potion            |       |     2 ||     2
 Stab: Sleeping          |       |     2 ||     2
       Held in net/web   |       |     1 ||     1
  Eat: Chunk             |       |     4 ||     4
Armor: Leather armour    |    34 |    64 ||    98
Dodge: Dodged            |    84 |   156 ||   240
